 Dungeon Crawl Stone Soup version 0.15-a0-2352-g26abbdd (webtiles) character file.

28 Charly the Caller (level 3, -4/14 HPs)
             Began as a Felid Summoner on July 31, 2014.
             Killed from afar by an orc wizard (11 damage)
             ... with a puff of flame
             ... on Level 4 of the Dungeon.
             The game lasted 00:05:39 (440 turns).

Charly the Caller (Felid Summoner)                   Turns: 440, Time: 00:05:40

HP  -4/14        AC  1     Str  4      XL: 3   Next:  0%
MP   1/8         EV 18     Int 17      God:
Gold 15          SH  0     Dex 16      Spells:  2 memorised,  3 levels left
Lives: 0, deaths: 0

rFire  . . .     SeeInvis +     (weapon unavailable)
rCold  . . .     Clarity  .     (armour unavailable)
rNeg   . . .     rCorr    .     (shield unavailable)
rPois  .         rRot     .     (helmet unavailable)
rElec  .         Spirit   .     (cloak unavailable)
SustAb .         Warding  .     (gloves unavailable)
rMut   .         Stasis   .     (boots unavailable)
Gourm  .                        (no amulet)
MR     .....                    (no ring)
                                (no ring)

@: quick, not resistant to hostile enchantments, fairly stealthy
A: paw claws, no armour, no weapons or thrown items, fangs 3, see invisible,
carnivore 3, speed 1, shaggy fur 1, slow metabolism 1, jump 1
a: Jump Attack


You were on level 4 of the Dungeon.
You were not hungry.

You visited 1 branch of the dungeon, and saw 4 of its levels.

You collected 15 gold pieces.

Inventory:

Comestibles
 c - a meat ration
 f - a beef jerky
 g - a slice of pizza
Scrolls
 a - 2 scrolls of identify {unknown}
Potions
 d - a potion of haste {unknown}
 e - 2 potions of heal wounds {unknown}
Books
 b - a book of Callings

   Spells                             Type                      Level
   *Summon Small Mammal               Summoning                    1
   *Call Imp                          Summoning                    2
   Call Canine Familiar               Summoning                    3
   Summon Guardian Golem              Hexes/Summoning              4
   Summon Lightning Spire             Summoning/Air                4
   Summon Ice Beast                   Ice/Summoning                4


   Skills:
 - Level 2.6 Dodging
 - Level 2.6 Stealth
 - Level 2.0 Spellcasting
 + Level 4.9 Summonings


You had 3 spell levels left.
You knew the following spells:

 Your Spells              Type           Power        Failure   Level  Hunger
i - Call Imp              Summ           ###.....     4%          2    ##.....
m - Summon Small Mammal   Summ           ###.         2%          1    #......


Dungeon Overview and Level Annotations

Branches:
Dungeon (4/15)
 Temple: D:4-7

Altars:
Nemelex Xobeh


Innate Abilities, Weirdness & Mutations

You cannot wear armour.
You are incapable of wielding weapons or throwing items.
Your paws have sharp claws.
You have razor-sharp teeth.
You have supernaturally acute eyesight.
You are carnivorous and can eat meat at any time.
You cover ground quickly.
You are covered in fur (AC +1).
You have a slow metabolism.
You can jump attack at a short distance.


Message History

Your experience leads to an increase in your attributes!
Increase (S)trength, (I)ntelligence, or (D)exterity?
You feel clever.
Things that are here:
a leather armour; a club; an orc corpse Your white imp disappears in a puff of smoke!
Casting: Call Imp
Confirm with . or Enter, or press ? or * to list all spells.
A beastly little devil appears in a puff of flame.
You closely miss the orc wizard. The orc wizard misses you.
You scratch the orc wizard but do no damage.
The orc wizard closely misses you.
Your crimson imp barely misses the orc wizard.
You scratch the orc wizard.
The orc wizard begins to bleed from its wounds!
The orc wizard is lightly wounded.
The orc wizard gestures at you while chanting.
The puff of flame hits you!
Ouch! That really hurt!
You die...

.....# #..###
#..####...#
....##
....####..# #####
...## #....##..##
.### #....##..#
.# #%...##..# ##
#.>..#..##
#....#..#
#....#5##
#....o@# #.....5#
#......# .
#......## o..
#.......## ...g
#....#.).# ...o.
#....#...#.......
#...###..........
#...# #..........


You could see an orc wizard (bleeding) and 2 friendly crimson imps.

Vanquished Creatures
  A goblin (D:4)
  A hobgoblin (D:4)
  5 jackals
7 creatures vanquished.

Vanquished Creatures (collateral kills)
  An orc priest (D:4)
  An orc (D:4)
  4 goblins
  A jackal (D:4)
  A kobold (D:1)
  2 rats (D:1)
10 creatures vanquished.

Vanquished Creatures (others)
  3 bats (D:2)
3 creatures vanquished.

Grand Total: 20 creatures vanquished

Notes
Turn   | Place    | Note
--------------------------------------------------------------
     0 | D:1      | Charly, the Felid Summoner, began the quest for the Orb.
     0 | D:1      | Reached XP level 1. HP: 7/7 MP: 4/4
   137 | D:4      | Reached XP level 2. HP: 7/11 MP: 0/5
   155 | D:4      | Found a sparkling altar of Nemelex Xobeh.
   214 | D:4      | Learned a level 2 spell: Call Imp
   388 | D:4      | Noticed a worker ant
   388 | D:4      | Noticed an orc wizard
   389 | D:4      | Noticed an orc priest
   420 | D:4      | Killed an orc priest
   420 | D:4      | Reached XP level 3. HP: 6/14 MP: 1/8
   440 | D:4      | Killed from afar by an orc wizard

Action                   || total
-------------------------++-------
Melee: Unarmed           ||    30
 Cast: Summon Small Mamm ||    13
       Call Imp          ||     4
 Stab: Sleeping          ||     1
